%YAML 1.1
%TAG !u! tag:unity3d.com,2011:
--- !u!114 &11400000
MonoBehaviour:
  m_ObjectHideFlags: 0
  m_CorrespondingSourceObject: {fileID: 0}
  m_PrefabInstance: {fileID: 0}
  m_PrefabAsset: {fileID: 0}
  m_GameObject: {fileID: 0}
  m_Enabled: 1
  m_EditorHideFlags: 0
  m_Script: {fileID: 11500000, guid: 15f0118ce50c1894487d3c82fab5e80a, type: 3}
  m_Name: I1e - Figurka slona
  m_EditorClassIdentifier: 
  nodes:
  - {fileID: 114313568942860708}
  - {fileID: 114457481512131618}
  - {fileID: 114076126871831234}
  - {fileID: 114179171729301208}
  - {fileID: 114705203569638870}
  connections:
  - {fileID: 114809735518201788}
  - {fileID: 114080483575095888}
  - {fileID: 114118729371739572}
  i: 6
  corruptionReport: 
--- !u!114 &114018601051269942
MonoBehaviour:
  m_ObjectHideFlags: 0
  m_CorrespondingSourceObject: {fileID: 0}
  m_PrefabInstance: {fileID: 0}
  m_PrefabAsset: {fileID: 0}
  m_GameObject: {fileID: 0}
  m_Enabled: 1
  m_EditorHideFlags: 0
  m_Script: {fileID: 11500000, guid: 92897b83d3ac44d4fb3722cc5d2189d2, type: 3}
  m_Name: I1e - Figurka slona-EP-3-outPort
  m_EditorClassIdentifier: 
  Direction: 1
  attachedToNode: {fileID: 114076126871831234}
  centerInAbsolute: {x: 347.04, y: 600.84}
  connections:
  - {fileID: 114080483575095888}
  buttonRectInRelative:
    serializedVersion: 2
    x: 168
    y: 25
    width: 12
    height: 12
--- !u!114 &114076126871831234
MonoBehaviour:
  m_ObjectHideFlags: 0
  m_CorrespondingSourceObject: {fileID: 0}
  m_PrefabInstance: {fileID: 0}
  m_PrefabAsset: {fileID: 0}
  m_GameObject: {fileID: 0}
  m_Enabled: 1
  m_EditorHideFlags: 0
  m_Script: {fileID: 11500000, guid: d687dbdf673d5ab4391e7faf19ac9f58, type: 3}
  m_Name: I1e - Figurka slona-EP-3
  m_EditorClassIdentifier: 
  uniqueId: I1e - Figurka slona-EP-3
  nameWithinDialog: EP-3
  parentGraph: {fileID: 11400000}
  inPort: {fileID: 0}
  outPorts:
  - {fileID: 114018601051269942}
  pointsTo: []
  position: {x: 0, y: 0}
  rect:
    serializedVersion: 2
    x: 173.04001
    y: 569.84
    width: 180
    height: 100
  isDragged: 0
  isSelected: 0
  nodeNameRect:
    serializedVersion: 2
    x: 15
    y: 10
    width: 100
    height: 30
  corruptionReport: 
  note: 
--- !u!114 &114080483575095888
MonoBehaviour:
  m_ObjectHideFlags: 0
  m_CorrespondingSourceObject: {fileID: 0}
  m_PrefabInstance: {fileID: 0}
  m_PrefabAsset: {fileID: 0}
  m_GameObject: {fileID: 0}
  m_Enabled: 1
  m_EditorHideFlags: 0
  m_Script: {fileID: 11500000, guid: c83906d02ff79e44a87686bb3e9d622c, type: 3}
  m_Name: I1e - Figurka slona-EP-3 -- I1e - Figurka slona-R-4
  m_EditorClassIdentifier: 
  inPort: {fileID: 114018601051269942}
  outPort: {fileID: 114509116874129970}
--- !u!114 &114118729371739572
MonoBehaviour:
  m_ObjectHideFlags: 0
  m_CorrespondingSourceObject: {fileID: 0}
  m_PrefabInstance: {fileID: 0}
  m_PrefabAsset: {fileID: 0}
  m_GameObject: {fileID: 0}
  m_Enabled: 1
  m_EditorHideFlags: 0
  m_Script: {fileID: 11500000, guid: c83906d02ff79e44a87686bb3e9d622c, type: 3}
  m_Name: I1e - Figurka slona-R-1 -- I1e - Figurka slona-T-5
  m_EditorClassIdentifier: 
  inPort: {fileID: 114925727896215758}
  outPort: {fileID: 114984798867065584}
--- !u!114 &114179171729301208
MonoBehaviour:
  m_ObjectHideFlags: 0
  m_CorrespondingSourceObject: {fileID: 0}
  m_PrefabInstance: {fileID: 0}
  m_PrefabAsset: {fileID: 0}
  m_GameObject: {fileID: 0}
  m_Enabled: 1
  m_EditorHideFlags: 0
  m_Script: {fileID: 11500000, guid: a369827a53a8b544fac030b468de9f7b, type: 3}
  m_Name: I1e - Figurka slona-R-4
  m_EditorClassIdentifier: 
  uniqueId: I1e - Figurka slona-R-4
  nameWithinDialog: R-4
  parentGraph: {fileID: 11400000}
  inPort: {fileID: 114509116874129970}
  outPorts:
  - {fileID: 114526943537533562}
  pointsTo: []
  position: {x: 0, y: 0}
  rect:
    serializedVersion: 2
    x: 476.15997
    y: 527.28
    width: 250
    height: 150
  isDragged: 0
  isSelected: 1
  nodeNameRect:
    serializedVersion: 2
    x: 15
    y: 10
    width: 146
    height: 30
  corruptionReport: 
  speaker: {fileID: 11400000, guid: bd4269cbd9a00b64fa93d3034e3bb339, type: 2}
  replicAudio: {fileID: 0}
  scroll: {x: 0, y: 0}
  currentLang: 0
  translation:
    cs: Fugurka slona
    en: 
--- !u!114 &114261982344275140
MonoBehaviour:
  m_ObjectHideFlags: 0
  m_CorrespondingSourceObject: {fileID: 0}
  m_PrefabInstance: {fileID: 0}
  m_PrefabAsset: {fileID: 0}
  m_GameObject: {fileID: 0}
  m_Enabled: 1
  m_EditorHideFlags: 0
  m_Script: {fileID: 11500000, guid: 20b5064632769b640943e81336d488d2, type: 3}
  m_Name: I1e - Figurka slona-T-5-T
  m_EditorClassIdentifier: 
  type: {fileID: 11400000, guid: 3b7f269329630234e924f0eafc617232, type: 2}
  variable: {fileID: 11400000, guid: bcbad7e592c90074182f8edb3d31867e, type: 2}
  intParam: -1
  entryPoint: {fileID: 114076126871831234}
  stringParam: 
  boolParam: 0
  character: {fileID: 0}
  floatParam: 0
  stringOptions: []
--- !u!114 &114313568942860708
MonoBehaviour:
  m_ObjectHideFlags: 0
  m_CorrespondingSourceObject: {fileID: 0}
  m_PrefabInstance: {fileID: 0}
  m_PrefabAsset: {fileID: 0}
  m_GameObject: {fileID: 0}
  m_Enabled: 1
  m_EditorHideFlags: 0
  m_Script: {fileID: 11500000, guid: d687dbdf673d5ab4391e7faf19ac9f58, type: 3}
  m_Name: I1e - Figurka slona-EP-0
  m_EditorClassIdentifier: 
  uniqueId: I1e - Figurka slona-EP-0
  nameWithinDialog: EP-0
  parentGraph: {fileID: 11400000}
  inPort: {fileID: 0}
  outPorts:
  - {fileID: 114613174292498310}
  pointsTo: []
  position: {x: 0, y: 0}
  rect:
    serializedVersion: 2
    x: 89.44003
    y: 249.88
    width: 180
    height: 100
  isDragged: 0
  isSelected: 0
  nodeNameRect:
    serializedVersion: 2
    x: 15
    y: 10
    width: 100
    height: 30
  corruptionReport: 
  note: 
--- !u!114 &114457481512131618
MonoBehaviour:
  m_ObjectHideFlags: 0
  m_CorrespondingSourceObject: {fileID: 0}
  m_PrefabInstance: {fileID: 0}
  m_PrefabAsset: {fileID: 0}
  m_GameObject: {fileID: 0}
  m_Enabled: 1
  m_EditorHideFlags: 0
  m_Script: {fileID: 11500000, guid: a369827a53a8b544fac030b468de9f7b, type: 3}
  m_Name: I1e - Figurka slona-R-1
  m_EditorClassIdentifier: 
  uniqueId: I1e - Figurka slona-R-1
  nameWithinDialog: R-1
  parentGraph: {fileID: 11400000}
  inPort: {fileID: 114994868899987306}
  outPorts:
  - {fileID: 114925727896215758}
  pointsTo: []
  position: {x: 0, y: 0}
  rect:
    serializedVersion: 2
    x: 366.91998
    y: 275.2
    width: 250
    height: 150
  isDragged: 0
  isSelected: 0
  nodeNameRect:
    serializedVersion: 2
    x: 15
    y: 10
    width: 146
    height: 30
  corruptionReport: 
  speaker: {fileID: 11400000, guid: bd4269cbd9a00b64fa93d3034e3bb339, type: 2}
  replicAudio: {fileID: 0}
  scroll: {x: 0, y: 0}
  currentLang: 0
  translation:
    cs: "Figurka slona? Kde jsem k n\xED sakra p\u0159i\u0161el?"
    en: 
--- !u!114 &114509116874129970
MonoBehaviour:
  m_ObjectHideFlags: 0
  m_CorrespondingSourceObject: {fileID: 0}
  m_PrefabInstance: {fileID: 0}
  m_PrefabAsset: {fileID: 0}
  m_GameObject: {fileID: 0}
  m_Enabled: 1
  m_EditorHideFlags: 0
  m_Script: {fileID: 11500000, guid: 92897b83d3ac44d4fb3722cc5d2189d2, type: 3}
  m_Name: I1e - Figurka slona-R-4-inPort
  m_EditorClassIdentifier: 
  Direction: 0
  attachedToNode: {fileID: 114179171729301208}
  centerInAbsolute: {x: 482.15997, y: 558.28}
  connections:
  - {fileID: 114080483575095888}
  buttonRectInRelative:
    serializedVersion: 2
    x: 0
    y: 25
    width: 12
    height: 12
--- !u!114 &114526943537533562
MonoBehaviour:
  m_ObjectHideFlags: 0
  m_CorrespondingSourceObject: {fileID: 0}
  m_PrefabInstance: {fileID: 0}
  m_PrefabAsset: {fileID: 0}
  m_GameObject: {fileID: 0}
  m_Enabled: 1
  m_EditorHideFlags: 0
  m_Script: {fileID: 11500000, guid: 92897b83d3ac44d4fb3722cc5d2189d2, type: 3}
  m_Name: I1e - Figurka slona-R-4-outPort
  m_EditorClassIdentifier: 
  Direction: 1
  attachedToNode: {fileID: 114179171729301208}
  centerInAbsolute: {x: 720.16, y: 558.28}
  connections: []
  buttonRectInRelative:
    serializedVersion: 2
    x: 238
    y: 25
    width: 12
    height: 12
--- !u!114 &114613174292498310
MonoBehaviour:
  m_ObjectHideFlags: 0
  m_CorrespondingSourceObject: {fileID: 0}
  m_PrefabInstance: {fileID: 0}
  m_PrefabAsset: {fileID: 0}
  m_GameObject: {fileID: 0}
  m_Enabled: 1
  m_EditorHideFlags: 0
  m_Script: {fileID: 11500000, guid: 92897b83d3ac44d4fb3722cc5d2189d2, type: 3}
  m_Name: I1e - Figurka slona-EP-0-outPort
  m_EditorClassIdentifier: 
  Direction: 1
  attachedToNode: {fileID: 114313568942860708}
  centerInAbsolute: {x: 263.44003, y: 280.88}
  connections:
  - {fileID: 114809735518201788}
  buttonRectInRelative:
    serializedVersion: 2
    x: 168
    y: 25
    width: 12
    height: 12
--- !u!114 &114705203569638870
MonoBehaviour:
  m_ObjectHideFlags: 0
  m_CorrespondingSourceObject: {fileID: 0}
  m_PrefabInstance: {fileID: 0}
  m_PrefabAsset: {fileID: 0}
  m_GameObject: {fileID: 0}
  m_Enabled: 1
  m_EditorHideFlags: 0
  m_Script: {fileID: 11500000, guid: 5ab8e39e5de1e8146b9d50b8568d7681, type: 3}
  m_Name: I1e - Figurka slona-T-5
  m_EditorClassIdentifier: 
  uniqueId: I1e - Figurka slona-T-5
  nameWithinDialog: T-5
  parentGraph: {fileID: 11400000}
  inPort: {fileID: 114984798867065584}
  outPorts:
  - {fileID: 114829761378887174}
  pointsTo: []
  position: {x: 0, y: 0}
  rect:
    serializedVersion: 2
    x: 745.5201
    y: 257.32004
    width: 300
    height: 200
  isDragged: 0
  isSelected: 0
  nodeNameRect:
    serializedVersion: 2
    x: 15
    y: 10
    width: 180
    height: 30
  corruptionReport: 
  triggers:
  - {fileID: 114261982344275140}
  triggerMultiOptionIndex: 0
--- !u!114 &114809735518201788
MonoBehaviour:
  m_ObjectHideFlags: 0
  m_CorrespondingSourceObject: {fileID: 0}
  m_PrefabInstance: {fileID: 0}
  m_PrefabAsset: {fileID: 0}
  m_GameObject: {fileID: 0}
  m_Enabled: 1
  m_EditorHideFlags: 0
  m_Script: {fileID: 11500000, guid: c83906d02ff79e44a87686bb3e9d622c, type: 3}
  m_Name: I1e - Figurka slona-EP-0 -- I1e - Figurka slona-R-1
  m_EditorClassIdentifier: 
  inPort: {fileID: 114613174292498310}
  outPort: {fileID: 114994868899987306}
--- !u!114 &114829761378887174
MonoBehaviour:
  m_ObjectHideFlags: 0
  m_CorrespondingSourceObject: {fileID: 0}
  m_PrefabInstance: {fileID: 0}
  m_PrefabAsset: {fileID: 0}
  m_GameObject: {fileID: 0}
  m_Enabled: 1
  m_EditorHideFlags: 0
  m_Script: {fileID: 11500000, guid: 92897b83d3ac44d4fb3722cc5d2189d2, type: 3}
  m_Name: I1e - Figurka slona-T-5-outPort
  m_EditorClassIdentifier: 
  Direction: 1
  attachedToNode: {fileID: 114705203569638870}
  centerInAbsolute: {x: 1039.52, y: 288.32004}
  connections: []
  buttonRectInRelative:
    serializedVersion: 2
    x: 288
    y: 25
    width: 12
    height: 12
--- !u!114 &114925727896215758
MonoBehaviour:
  m_ObjectHideFlags: 0
  m_CorrespondingSourceObject: {fileID: 0}
  m_PrefabInstance: {fileID: 0}
  m_PrefabAsset: {fileID: 0}
  m_GameObject: {fileID: 0}
  m_Enabled: 1
  m_EditorHideFlags: 0
  m_Script: {fileID: 11500000, guid: 92897b83d3ac44d4fb3722cc5d2189d2, type: 3}
  m_Name: I1e - Figurka slona-R-1-outPort
  m_EditorClassIdentifier: 
  Direction: 1
  attachedToNode: {fileID: 114457481512131618}
  centerInAbsolute: {x: 610.92, y: 306.2}
  connections:
  - {fileID: 114118729371739572}
  buttonRectInRelative:
    serializedVersion: 2
    x: 238
    y: 25
    width: 12
    height: 12
--- !u!114 &114984798867065584
MonoBehaviour:
  m_ObjectHideFlags: 0
  m_CorrespondingSourceObject: {fileID: 0}
  m_PrefabInstance: {fileID: 0}
  m_PrefabAsset: {fileID: 0}
  m_GameObject: {fileID: 0}
  m_Enabled: 1
  m_EditorHideFlags: 0
  m_Script: {fileID: 11500000, guid: 92897b83d3ac44d4fb3722cc5d2189d2, type: 3}
  m_Name: I1e - Figurka slona-T-5-inPort
  m_EditorClassIdentifier: 
  Direction: 0
  attachedToNode: {fileID: 114705203569638870}
  centerInAbsolute: {x: 751.5201, y: 288.32004}
  connections:
  - {fileID: 114118729371739572}
  buttonRectInRelative:
    serializedVersion: 2
    x: 0
    y: 25
    width: 12
    height: 12
--- !u!114 &114994868899987306
MonoBehaviour:
  m_ObjectHideFlags: 0
  m_CorrespondingSourceObject: {fileID: 0}
  m_PrefabInstance: {fileID: 0}
  m_PrefabAsset: {fileID: 0}
  m_GameObject: {fileID: 0}
  m_Enabled: 1
  m_EditorHideFlags: 0
  m_Script: {fileID: 11500000, guid: 92897b83d3ac44d4fb3722cc5d2189d2, type: 3}
  m_Name: I1e - Figurka slona-R-1-inPort
  m_EditorClassIdentifier: 
  Direction: 0
  attachedToNode: {fileID: 114457481512131618}
  centerInAbsolute: {x: 372.91998, y: 306.2}
  connections:
  - {fileID: 114809735518201788}
  buttonRectInRelative:
    serializedVersion: 2
    x: 0
    y: 25
    width: 12
    height: 12
